 Dungeon Crawl Stone Soup version 0.30-a0-305-g026cb31310 (webtiles) character file.

Game seed: 11546847305450245168

104 billz999 the Changer (level 4, 0/30 HPs)
             Began as a Vampire Earth Elementalist on Oct 23, 2022.
             Slain by Terence
             ... wielding a +0 falchion
              (8 damage)
             ... on level 3 of the Dungeon.
             The game lasted 00:04:53 (1665 turns).

billz999 the Changer (Vampire Earth Elementalist)   Turns: 1665, Time: 00:04:54

Health: 0/30       AC:  7    Str:  7    XL:     4   Next: 52%
Magic:  0/7        EV: 12    Int: 19    God:
Gold:   77         SH:  0    Dex: 14    Spells: 2/7 levels left

rFire   + . .      SeeInvis +    b - +4 club
rCold   + . .      Faith    .    (no shield)
rNeg    . . .      Spirit   .    c - +2 robe {rC+ rF+}
rPois   .          Reflect  .    (no helmet)
rElec   .          Harm     .    (no cloak)
rCorr   .          Rampage  .    i - +2 pair of gloves {Stlth+}
Will    .....                    (no boots)
Stlth   +++.......               (no amulet)
HPRegen 0.45/turn                (no ring)
MPRegen 0.10/turn                (no ring)

@: healing quickly
A: alive, fangs 3, see invisible, vampiric 2
a: Exsanguinate


You were on level 3 of the Dungeon.
You visited 1 branch of the dungeon, and saw 3 of its levels.

You collected 77 gold pieces.

Inventory:

Hand Weapons
 a - a +1 sling of flaming
 b - a +4 club (weapon)
Missiles
 p - 2 throwing nets
Armour
 c - a +2 robe of resistance (worn)
 e - a +0 robe
 i - a +2 pair of gloves of stealth (worn)
 q - a +0 helmet
Magical Staves
 g - a staff of air
Scrolls
 h - a scroll of fear {unknown}
 j - a scroll of enchant armour {unknown}
 l - 2 scrolls of amnesia {unknown}
 m - 3 scrolls of magic mapping {unknown}
 n - 3 scrolls of identify {unknown}
 r - a scroll of vulnerability {unknown}
Potions
 d - 2 potions of flight {unknown}
 f - a potion of heal wounds {unknown}
 k - a potion of mutation {unknown}
 o - a potion of curing


   Skills:
 - Level 2.1 Dodging
 - Level 3.0 Stealth
 - Level 2.0 Spellcasting
 + Level 4.9 Transmutations
 - Level 3.0 Earth Magic


You had 2 spell levels left.
You knew the following spells:

 Your Spells              Type           Power      Damage    Failure   Level
a - Sandblast             Erth           26%        2d8       4%          1
b - Petrify               Tmut/Erth      17%        N/A       32%         4

Your spell library contained the following spells:

 Spells                   Type           Power      Damage    Failure   Level
 Beastly Appendage        Tmut           40%        N/A       2%          1
 Wereblood                Tmut           20%        N/A       3%          2
 Passwall                 Tmut/Erth      14%        N/A       4%          2
 Spider Form              Tmut/Pois      11%        N/A       19%         3
 Stone Arrow              Conj/Erth      14%        3d7       26%         3


Dungeon Overview and Level Annotations

Branches:
Dungeon (3/15)

Altars:

Shops:
D:2 =

Annotations:
D:2 Sigmund
D:3 Terence


Innate Abilities, Weirdness & Mutations

Your natural rate of healing is accelerated.
You have razor-sharp teeth.
You have supernaturally acute eyesight. (SInv)
You are afflicted with vampirism and can become a bat while bloodless.


Message History

Confirm with . or Enter, or press ? or * to list all spells.
Aiming: Sandblast (safe; 4% risk of failure)
Press: ? - help, Shift-Dir - straight line, f/p - Terence
Aim: Terence, wielding a +0 falchion and wearing a +0 chain mail (heavily wounded, 87% to hit)
The blast of sand hits Terence but does no damage.
Terence is heavily wounded.
Terence hits you but does no damage.
You hit Terence but do no damage.
Terence is heavily wounded.
Terence closely misses you. Terence hits you with a +0 falchion.
You hit Terence.
Terence is severely wounded.
Terence hits you with a +0 falchion.
You hit Terence but do no damage.
Terence is severely wounded.
Terence closely misses you.
You hit Terence but do no damage.
Terence is severely wounded.
Terence barely misses you. Terence hits you with a +0 falchion.
Okay, then.
You aren't carrying any items that you can evoke.
Unknown command.
Okay, then.
You barely miss Terence.
Terence is severely wounded.
Terence completely misses you.
You hit Terence. You bite Terence, but do no damage.
Terence is almost dead.
Terence barely misses you.
Casting: Sandblast (safe; 4% risk of failure)
Confirm with . or Enter, or press ? or * to list all spells.
Aiming: Sandblast (safe; 4% risk of failure)
Press: ? - help, Shift-Dir - straight line, f/p - Terence
Aim: Terence, wielding a +0 falchion and wearing a +0 chain mail (almost dead, 87% to hit)
The blast of sand hits Terence but does no damage.
Terence is almost dead.
Terence hits you with a +0 falchion!
* * * LOW HITPOINT WARNING * * *
Terence hits you with a +0 falchion!
You die...

##.......##.####
##......##.#
##.....##.#
#.....##.#
#.....##.#
########.# #.#
#.# #@# #@# #.#
#.# #.# #.#
...............
......#.######.
......#.#


You could see Terence.

Vanquished Creatures
  Jessica (D:2)
  4 gnolls (D:2)
  An adder (D:3)
  5 bats
  2 endoplasms
  2 giant cockroaches
  2 goblins
  4 hobgoblins
  5 kobolds
  A ball python (D:2)
  2 frilled lizards
  4 rats
33 creatures vanquished.

Notes
Turn   | Place    | Note
-------+----------+-------------------------------------------
     0 | D:1      | billz999 the Vampire Earth Elementalist began the quest for
                  | the Orb.
     0 | D:1      | Reached XP level 1. HP: 13/13 MP: 3/3
   139 | D:1      | Reached skill level 2 in Transmutations
   222 | D:1      | Reached XP level 2. HP: 19/19 MP: 5/5
   756 | D:2      | Noticed Jessica
   773 | D:2      | Killed Jessica
   774 | D:2      | Reached skill level 3 in Transmutations
   774 | D:2      | Gained mutation: You are afflicted with vampirism and can
                  | become a bat while bloodless. [Vampire growth]
   774 | D:2      | Reached XP level 3. HP: 20/24 MP: 0/6
  1003 | D:2      | Found Ovieky's Jewellery Emporium.
  1141 | D:2      | Noticed Sigmund
  1142 | D:2      | Reached skill level 4 in Transmutations
  1214 | D:2      | Reached XP level 4. HP: 30/30 MP: 4/7
  1632 | D:3      | Noticed Terence
  1640 | D:3      | Learned a level 4 spell: Petrify
  1665 | D:3      | Slain by Terence

Illustrated notes

Levels and vault maps discovered:
D:1:      dpeg_arrival_rooms_a, layout_basic
D:2:      layout_basic, serial_shops, shop, uniq_jessica, uniq_sigmund
D:3:      layout_basic, minmay_overflow_temple_star_hex, serial_shops, shop,
          minmay_misc_feat_cross, uniq_terence, uniq_robin

Skill      XL: |  1  2  3 |
---------------+----------+-----
Transmutations | 2 3 4 |  4.9
Dodging        | |  2.1
Stealth        | |  3.0
Spellcasting   | |  2.0
Earth Magic    | |  3.0

Action                   |  1- 3 |  4- 6 || total
-------------------------+-------+-------++-------
Melee: Club              |     2 |    13 ||    15
       Bite              |       |     1 ||     1
 Fire: Sling             |    20 |     2 ||    22
 Cast: Sandblast         |    28 |    28 ||    56
  Use: Potion            |     3 |     1 ||     4
Armor: Robe              |     6 |     6 ||    12
Dodge: Dodged            |    16 |    26 ||    42

Table legend: (Time is in decaauts)
 A = Elapsed time spent in this place.
 B = Non-inter-level travel time spent in this place.
 C = Inter-level travel time spent in this place.
 D = Time resting spent in this place.
 E = Time spent auto-exploring this place.
 F = Levels seen in this place.
 G = Mean time per level.
                   A        B        C        D        E       F      G
               +--------+--------+--------+--------+--------+-----+--------+
         Total |   1701 |   1597 |    104 |     59 |   1247 |   3 |  567.0 |
       Dungeon |   1701 |   1597 |    104 |     59 |   1247 |   3 |  567.0 |
               +--------+--------+--------+--------+--------+-----+--------+

Top non-repeatable levels by time:
     D:1: 760 daAuts
     D:2: 739 daAuts
     D:3: 201 daAuts
